 Dungeon Crawl Stone Soup version 0.23.1-38-g628c18f (webtiles) character file.

Game seed: 13231669456668978154

336 Borgoz the Cutter (level 6, -4/38 HPs)
             Began as a Kobold Fighter on Mar 28, 2019.
             Killed from afar by an orc wizard (9 damage)
             ... with a magic dart
             ... on level 4 of the Dungeon.
             The game lasted 00:04:28 (2785 turns).

Borgoz the Cutter (Kobold Fighter)                  Turns: 2785, Time: 00:04:28

Health: -4/38      AC:  5    Str: 14    XL:     6   Next: 84%
Magic:  6/6        EV: 15    Int:  9    God:
Gold:   257        SH:  4    Dex: 18    Spells: 5/5 levels left

rFire    . . .     SeeInvis .   a - +3 dagger
rCold    . . .     Gourm    .   (shield restricted)
rNeg     . . .     Faith    .   h - +0 ring mail
rPois    .         Spirit   .   (no helmet)
rElec    .         Reflect  +   (no cloak)
rCorr    +         Harm     .   (no gloves)
MR       .....                  (no boots)
Stlth    +.........             k - +4 amulet of reflection
HPRegen  0.12/turn              m - +2 ring of dexterity
MPRegen  0.10/turn              r - ring of resist corrosion

@: lightly drained
A: small, carnivore
a: no special abilities


You were on level 4 of the Dungeon.
You were very full.

You visited 1 branch of the dungeon, and saw 4 of its levels.

You collected 257 gold pieces.

Inventory:

Hand Weapons
 a - a +3 dagger (weapon)
 b - a +0 blowgun
 t - a +0 rapier
Missiles
 s - 2 throwing nets (quivered)
 u - 18 poisoned needles
Armour
 h - a +0 ring mail (worn)
Jewellery
 k - a +4 amulet of reflection (around neck)
 m - a +2 ring of dexterity (left hand)
 r - a ring of resist corrosion (right hand)
 v - an uncursed amulet of harm
Wands
 l - a wand of acid (6)
 o - a wand of paralysis (6)
Scrolls
 c - 2 scrolls of teleportation {unknown}
 g - 2 scrolls of identify {unknown}
 i - a scroll of enchant weapon {unknown}
 j - a scroll of enchant armour {unknown}
 q - a scroll of amnesia {unknown}
 x - a scroll of noise {unknown}
 y - a scroll of immolation {unknown}
 z - 2 scrolls of blinking {unknown}
 A - a scroll of magic mapping {unknown}
Potions
 e - a potion of magic
 n - a potion of brilliance
Comestibles
 d - a chunk of flesh
 f - 7 rations


   Skills:
 + Level 4.2(3.9) Fighting
 * Level 5.2(4.9) Short Blades
 * Level 3.6(3.4) Armour
 * Level 4.0(3.8) Dodging
   Level 2.4(2.2) Shields


You had 5 spell levels left.
You didn't know any spells.
Your spell library contained the following spells:

 Spells                   Type           Power        Failure   Level  Hunger
 Corona                   Hex            #......      63%         1    ##.....
 Ensorcelled Hibernation  Hex/Ice        #.....       77%         2    ###....
 Confuse                  Hex            #.......     94%         3    ####...
 Dazzling Spray           Conj/Hex       #.....       94%         3    ####...
 Tukima's Dance           Hex            #.......     94%         3    ####...


Dungeon Overview and Level Annotations

Branches:
Dungeon (4/15)
 Temple: D:4-7

Altars:


Innate Abilities, Weirdness & Mutations

You are small and have problems with some larger weapons.
You are carnivorous and can eat meat at any time.


Message History

The magic dart hits you!
* * * LOW HITPOINT WARNING * * *
The hound skeleton bites you but does no damage.
You feel better. The worker ant misses you.
The orc wizard hits you with a +0 dagger.
* * * LOW HITPOINT WARNING * * *
The hound skeleton completely misses you.
The orc misses you. The orc closely misses you.
The worker ant barely misses you.
The orc wizard gestures wildly while chanting.
The orc wizard blinks!
You feel better. The orc wizard casts a spell at you. The magic dart hits you.
* * * LOW HITPOINT WARNING * * *
The hound skeleton closely misses you. The orc hits you.
* * * LOW HITPOINT WARNING * * *
The orc wizard casts a spell at you. The magic dart hits you!
You die...

#...........# #.######
#...........#####.#
#.................#
#.................#...
#......................
##########.............
...................
......o............
......o@....##.....
.....oZao...# .....
.......o....# ...
....<..........
...ยง..........?
...o...........
...............
.........######


You could see a worker ant, an orc priest, an orc wizard, 4 orcs and a hound
skeleton.

Vanquished Creatures
  An ogre (D:4)
  An orc priest (D:4)
  A worker ant (D:4)
  7 gnolls
  5 adders
  A howler monkey skeleton (D:4)
  3 oozes
  2 worms
  5 leopard geckos
  An orc (D:4)
  4 giant cockroaches
  5 goblins
  6 hobgoblins
  3 jackals (D:1)
  A ball python (D:1)
  5 bats
  A frilled lizard (D:2)
  5 kobolds
  9 rats
66 creatures vanquished.

Notes
Turn   | Place    | Note
-------+----------+-------------------------------------------
     0 | D:1      | Borgoz the Kobold Fighter began the quest for the Orb.
     0 | D:1      | Reached XP level 1. HP: 14/14 MP: 1/1
   253 | D:1      | Reached skill level 3 in Short Blades
   253 | D:1      | Reached skill level 1 in Dodging
   253 | D:1      | Reached XP level 2. HP: 15/19 MP: 2/2
   452 | D:1      | Reached XP level 3. HP: 21/23 MP: 3/3
   906 | D:2      | Reached XP level 4. HP: 20/28 MP: 4/4
  1475 | D:3      | Reached skill level 4 in Short Blades
  1562 | D:3      | Reached XP level 5. HP: 33/33 MP: 5/5
  2470 | D:4      | Reached XP level 6. HP: 28/38 MP: 6/6
  2609 | D:4      | Noticed an ogre
  2614 | D:4      | Killed an ogre
  2614 | D:4      | Reached skill level 5 in Short Blades
  2785 | D:4      | Killed from afar by an orc wizard

Skill      XL: |  1  2  3  4  5  6 |
---------------+-------------------+-----
Short Blades   | 3 4 5 |  5.2
Dodging        | 1 2 3 4 |  4.0
Armour         | 3 |  3.6
Fighting       | 4 |  4.2
Shields        | |  2.4

Action                   |  1- 3 |  4- 6 || total
-------------------------+-------+-------++-------
Melee: Rapier            |    86 |    42 ||   128
       Dagger            |       |   113 ||   113
Evoke: Wand              |       |     5 ||     5
  Use: Scroll            |     1 |       ||     1
       Potion            |       |     9 ||     9
  Eat: Chunk             |     8 |     6 ||    14
Armor: Scale mail        |     4 |       ||     4
       Ring mail         |    16 |    35 ||    51
Dodge: Dodged            |    66 |    92 ||   158
Block: Other             |    17 |    15 ||    32
       Reflection        |     1 |       ||     1
